 Dungeon Crawl Stone Soup version 0.31-a0-259-g771a54ca4b (webtiles) character file.

Game seed: 7633454901688505175

10143 qw the Skirmisher (level 11, -3/71 HPs)
             Began as a Gargoyle Hexslinger on July 13, 2023.
             Was an Elder of Okawaru.
             Slain by a yak (12 damage)
             ... on level 1 of the Lair of Beasts.
             The game lasted 00:03:44 (8347 turns).

qw the Skirmisher (Gargoyle Hexslinger)             Turns: 8347, Time: 00:03:44

Health: -3/71      AC: 16    Str: 13    XL:     11   Next: 57%
Magic:  14/14      EV: 20    Int: 13    God:    Okawaru [****..]
Gold:   663        SH:  0    Dex: 22    Spells: 11/12 levels left

rFire   . . .        h - +0 orcbow
rCold   . . .        (shield currently unavailable)
rNeg    + . .        j - +0 steam dragon scales
rPois   inf          (no helmet)
rElec   +            (no cloak)
rCorr   .            g - +0 pair of gloves
SInv    .            (no boots)
Will    .....        l - amulet of the acrobat
Stlth   +++          i - +4 ring of slaying {mikee}
HPRegen 0.31/turn    a - +6 ring of dexterity
MPRegen 0.14/turn

%: acrobat
@: heroic
A: sickness immunity, AC +8, negative energy resistance 1, electricity
resistance, torment resistance 1, petrification resistance
a: Renounce Religion, Heroism, Finesse


You were on level 1 of the Lair of Beasts.
You worshipped Okawaru.
Okawaru was greatly pleased with you.
You visited 3 branches of the dungeon, and saw 10 of its levels.
You also visited: Ossuary.

You collected 823 gold pieces.
You spent 160 gold pieces at shops.


Innate Abilities, Weirdness & Mutations

You are immune to sickness and miasma.
Your stone body is resilient. (AC +8)
You are immune to poison.
You resist negative energy. (rN+)
You are resistant to electric shocks. (rElec)
You are resistant to unholy torment.
You are immune to petrification.


   Skills:
 - Level 9.1(14.1) Fighting
 + Level 13.8(18.8) Ranged Weapons
 - Level 3.7(8.7) Armour
 - Level 5.0(10.0) Dodging
 - Level 1.0 Spellcasting
 - Level 2.6 Hexes
 + Level 4.2 Invocations


You had 11 spell levels left.
You knew the following spells:

 Your Spells              Type           Power      Damage    Failure   Level
a - Slow                  Hex            28%        N/A       10%         1

Your spell library contained the following spells:

 Spells                   Type           Power      Damage    Failure   Level
 Inner Flame              Hex/Fire       4%         N/A       43%         3
 Portal Projectile        Hex/Tloc       8%         N/A       43%         3
 Cause Fear               Hex            3%         N/A       67%         4

Inventory:

Hand Weapons
 h - a +0 orcbow (weapon)
Armour
 g - a +0 pair of gloves (worn)
 j - +0 steam dragon scales (worn)
Jewellery
 a - a +6 ring of dexterity (right hand)
 i - a +4 ring of slaying (left hand) {mikee}
 l - an amulet of the acrobat (around neck)
Scrolls
 b - a scroll of butterflies {unknown}
 c - 2 scrolls of identify
 n - 2 scrolls of revelation {unknown}
 o - a scroll of torment {unknown}
Potions
 d - 6 potions of curing
 e - a potion of might
 f - 2 potions of mutation
 k - 3 potions of enlightenment
 m - a potion of haste {unknown}

Dungeon Overview and Level Annotations

Branches:
Dungeon (8/15)             Temple (1/1) D:7            Lair (1/5) D:8
Ossuary (visited)

Altars:
Ashenzari
Cheibriados
Dithmenos
Elyvilon
Fedhas
Gozag
Hepliaklqana
Kikubaaqudgha
Makhleb
Nemelex Xobeh
Okawaru
Qazlal
Ru
Sif Muna
Trog
Uskayaw
Vehumet
Wu Jian
Yredelemnul
Zin
The Shining One

Shops:
D:4 !

Annotations:
D:3 1 runed translucent door, qw's ghost, amateur MiHs
Lair:1 1 transporter


Message History

The water moccasin hisses angrily.
The arrow hits the yak!
You kill the yak!
Okawaru accepts your kill.
You can now speed up your combat.
The yak closely misses you. x2; The yak completely misses you.
You shoot an arrow. The arrow hits the yak.
The yak is lightly wounded.
The yak completely misses you. x2; The yak gores you.
You shoot an arrow. The arrow barely misses the yak.
You shoot an arrow. The arrow hits the yak!!
The yak is severely wounded.
The yak misses you. The yak completely misses you. The yak closely misses you.
You shoot an arrow. The arrow hits the yak.
The yak is severely wounded.
The yak misses you. The yak gores you. x2
You shoot an arrow. The arrow hits the yak!!
You kill the yak!
Okawaru accepts your kill. The yak completely misses you.
The yak barely misses you.
You shoot an arrow. The arrow hits the yak!!
The yak is severely wounded.
You shoot an arrow. The arrow barely misses the yak.
The yak gores you but does no damage. The yak gores you.
You shoot an arrow. The arrow hits the yak!!
You kill the yak!
Okawaru accepts your kill. The yak gores you but does no damage.
You shoot an arrow.
The arrow hits the yak but does no damage.
You shoot an arrow.
The arrow hits the yak but does no damage.
The yak closely misses you.
You shoot an arrow. The arrow barely misses the yak.
The yak gores you but does no damage.
You shoot an arrow. The arrow hits the yak.
The yak is lightly wounded.
You shoot an arrow. The arrow hits the yak.
The yak is lightly wounded.
The yak gores you!
You die...

.........[..#l#..##
#...........##.... #l#
.#...........##.w#. ## #
..............##P~ .. ~.
...............## l ..
......##........##w###.#
..............#..##l..#
..................#####.
................@....%..
...............Y%%......
..#.....................
......#.................
#....#............#.....
##......................
..........#.............
.##..###................
.##..###.....


You could see a skyshark, a torpor snail, 2 komodo dragons and a yak.

Vanquished Creatures
  A two-headed ogre (D:8)
  2 cane toads (Lair:1)
  2 komodo dragons (Lair:1)
  A rime drake (D:8)
  A hornet (D:8)
  5 blink frogs (Lair:1)
  Sigmund (D:2)
  A wyvern (D:8)
  8 yaks (Lair:1)
  2 steam dragons (D:8)
  Edmund (D:6)
  Duvessa (D:4)
  5 water moccasins
  6 ice beasts (D:8)
  An orc warrior (D:8)
  4 black bears
  7 sky beasts
  2 ogres
  9 wolves
  A centaur (D:7)
  A phantom (D:6)
  A kobold brigand (D:6)
  3 bullfrogs (D:7)
  2 gnoll sergeants
  2 scorpions
  Dowan (D:4)
  6 killer bees (D:8)
  A centaur zombie (Ossuary)
  A human zombie (Ossuary)
  A jelly (D:4)
  6 hounds
  4 orc priests
  A sleepcap (D:6)
  Ijyb (D:5)
  Jessica (D:2)
  7 iguanas
  9 orc wizards
  2 mummies (Ossuary)
  15 gnolls
  3 adders (D:4)
  2 shadow imps
  3 ufetubi (D:5)
  A worm (D:2)
  4 dart slugs
  22 orcs
  3 endoplasms
  2 giant cockroaches
  5 gnoll zombies (Ossuary)
  7 goblins
  6 hobgoblins
  2 jackals (D:4)
  8 kobolds
  6 quokkas
  5 ball pythons
  4 bats
  2 frilled lizards
  5 hobgoblin zombies (Ossuary)
  2 orc zombies (Ossuary)
  11 rats
  2 rat zombies (D:8)
231 creatures vanquished.

Notes
Turn   | Place    | Note
-------+----------+-------------------------------------------
     0 | D:1      | qw the Gargoyle Hexslinger began the quest for the Orb.
     0 | D:1      | Reached XP level 1. HP: 12/12 MP: 2/2
     0 | D:1      | 0 ||| qw: Version: 0.3-a-52-g30416fa
     0 | D:1      | 0 ||| qw: Game counter: 6928
     0 | D:1      | 0 ||| qw: Melee chars always use a shield: true
     0 | D:1      | 0 ||| qw: God list: Okawaru
     0 | D:1      | 0 ||| qw: Allow faded altars: false
     0 | D:1      | 0 ||| qw: Do Orc after clearing Dungeon:15 true
     0 | D:1      | 0 ||| qw: Do second Lair branch before Depths: true
     0 | D:1      | 0 ||| qw: Lair rune preference: random
     0 | D:1      | 0 ||| qw: Goals: Normal
     0 | D:1      | 0 ||| PLANNING D:1-11
   247 | D:1      | Reached XP level 2. HP: 16/16 MP: 3/3
   423 | D:1      | Reached skill level 3 in Ranged Weapons
   946 | D:1      | 946 ||| UPGRADING to +0 leather armour.
   956 | D:1      | 956 ||| DROPPING +0 robe.
   957 | D:1      | 957 ||| UPGRADING to +4 ring of slaying {mikee}.
   958 | D:1      | 958 ||| READING 2 scrolls labelled LUKIAL DOSHRUL.
   959 | D:1      | 959 ||| READING scroll labelled POF BISTAM.
   964 | D:1      | 964 ||| DROPPING scroll of noise.
   965 | D:1      | 965 ||| DROPPING scroll of poison.
  1059 | D:2      | Noticed Jessica
  1062 | D:2      | Reached XP level 3. HP: 20/21 MP: 4/4
  1073 | D:2      | Killed Jessica
  1202 | D:2      | Noticed Sigmund
  1208 | D:2      | Killed Sigmund
  1209 | D:2      | Reached skill level 5 in Ranged Weapons
  1209 | D:2      | Reached XP level 4. HP: 26/26 MP: 5/5
  1209 | D:2      | Reached XP level 5. HP: 30/30 MP: 6/6
  1374 | D:2      | Reached XP level 6. HP: 35/35 MP: 7/7
  1524 | D:2      | 1524 ||| READING scroll labelled AFAQAI GUSAO.
  1745 | D:3      | Found a runed translucent door.
  1751 | D:3      | Noticed qw's ghost (amateur MiHs)
  1980 | D:3      | Found a burning altar of Makhleb.
  1988 | D:3      | Found a basalt altar of Yredelemnul.
  1999 | D:3      | Found a snail-covered altar of Cheibriados.
  2130 | D:3      | 2130 ||| READING scroll labelled ZIEKEMIUCA.
  2131 | D:3      | 2131 ||| READING scroll labelled QERHEO DEIHAD.
  2132 | D:3      | 2132 ||| READING scroll labelled ROT CAYNEOTZ.
  2133 | D:3      | 2133 ||| READING scroll labelled EKHOOS AHEILO.
  2134 | D:3      | 2134 ||| DRINKING 3 bubbling ruby potions.
  2157 | D:3      | 2157 ||| DRINKING 2 smoky inky potions.
  2158 | D:3      | 2158 ||| DROPPING 2 potions of lignification.
  2170 | D:4      | 2170 ||| STAIRDANCE
  2214 | D:4      | Reached skill level 3 in Fighting
  2220 | D:4      | 2220 ||| STAIRDANCE
  2222 | D:3      | HP: 3/37 [ogre/+0 giant club (28)]
  2223 | D:3      | 2223 ||| READING scroll of teleportation.
  2225 | D:3      | Reached skill level 6 in Ranged Weapons
  2475 | D:4      | Noticed Duvessa
  2477 | D:4      | Noticed Dowan
  2478 | D:4      | 2478 ||| Stepping ~*~*~tactically~*~*~ (outnumbered).
  2488 | D:4      | Killed Duvessa
  2489 | D:4      | Reached XP level 7. HP: 32/44 MP: 8/8
  2506 | D:4      | Killed Dowan
  2693 | D:4      | Found Ireffos's Distillery.
  2721 | D:4      | Reached skill level 7 in Ranged Weapons
  2798 | D:4      | 2798 ||| BUYING 2 potions of enlightenment (100 gold).
  2798 | D:4      | Bought 2 potions of enlightenment for 100 gold pieces
  2798 | D:4      | 2798 ||| BUYING potion of curing (30 gold).
  2798 | D:4      | Bought a potion of curing for 30 gold pieces
  2798 | D:4      | 2798 ||| BUYING potion of curing (30 gold).
  2798 | D:4      | Bought a potion of curing for 30 gold pieces
  2798 | D:4      | 2798 ||| SHOPLISTING potion of curing (30 gold, have 21).
  2798 | D:4      | 2798 ||| SHOPLISTING potion of haste (100 gold, have 21).
  2798 | D:4      | 2798 ||| SHOPLISTING potion of might (40 gold, have 21).
  2902 | D:4      | Found a radiant altar of Vehumet.
  2904 | D:4      | 2904 ||| FLEEEEING.
  2909 | D:4      | 2909 ||| FLEEEEING.
  2910 | D:4      | 2910 ||| FLEEEEING.
  2915 | D:4      | 2915 ||| STAIRDANCE
  2954 | D:3      | 2954 ||| UPGRADING to +0 ring mail.
  2964 | D:3      | 2964 ||| UPGRADING to +2 robe.
  2974 | D:3      | 2974 ||| DROPPING +0 ring mail.
  2975 | D:3      | 2975 ||| DROPPING +0 leather armour.
  3442 | D:5      | Entered Level 5 of the Dungeon
  3521 | D:5      | Reached skill level 8 in Ranged Weapons
  3521 | D:5      | Reached XP level 8. HP: 40/48 MP: 9/9
  3803 | D:5      | Noticed Ijyb
  3811 | D:5      | HP: 8/49 [Ijyb/bolt of acid (16)]
  3812 | D:5      | 3812 ||| READING scroll of teleportation.
  3812 | D:5      | HP: 2/49 [Ijyb/+0 club (6)]
  3995 | D:5      | Killed Ijyb
  4530 | D:5      | 4530 ||| UPGRADING to +6 ring of dexterity.
  4531 | D:5      | 4531 ||| READING 4 scrolls labelled VOSHRO DAPENOUW.
  4532 | D:5      | 4532 ||| READING 3 scrolls of identify.
  4532 | D:5      | 4532 ||| IDENTIFYING purple potion
  4582 | D:6      | Reached skill level 9 in Ranged Weapons
  4582 | D:6      | 4582 ||| FLEEEEING.
  4583 | D:6      | 4583 ||| FLEEEEING.
  4584 | D:6      | 4584 ||| FLEEEEING.
  4585 | D:6      | 4585 ||| FLEEEEING.
  4586 | D:6      | 4586 ||| FLEEEEING.
  4587 | D:6      | 4587 ||| FLEEEEING.
  4593 | D:6      | 4593 ||| STAIRDANCE
  4629 | D:6      | Reached skill level 3 in Dodging
  4741 | D:6      | Reached skill level 6 in Fighting
  4741 | D:6      | Reached XP level 9. HP: 55/55 MP: 10/10
  4877 | D:6      | Reached skill level 10 in Ranged Weapons
  4904 | D:6      | Noticed Edmund
  4910 | D:6      | Killed Edmund
  5063 | D:6      | 5063 ||| READING 2 scrolls of identify.
  5063 | D:6      | 5063 ||| IDENTIFYING murky sapphire potion
  5064 | D:6      | 5064 ||| DROPPING potion of ambrosia.
  5073 | D:7      | Found a staircase to the Ecumenical Temple.
  5074 | D:7      | 5074 ||| PLANNING TEMPLE
  5079 | Temple   | Entered the Ecumenical Temple
  5091 | Temple   | 5091 ||| PLANNING OKAWARU WORSHIP
  5280 | Temple   | Became a worshipper of Warmaster Okawaru
  5281 | Temple   | 5281 ||| PLANNING D:1-11
  5847 | D:7      | 5847 ||| Stepping ~*~*~tactically~*~*~ (outnumbered).
  5853 | D:7      | 5853 ||| Stepping ~*~*~tactically~*~*~ (outnumbered).
  5880 | D:7      | 5880 ||| FLEEEEING.
  5881 | D:7      | 5881 ||| FLEEEEING.
  5882 | D:7      | 5882 ||| FLEEEEING.
  5883 | D:7      | 5883 ||| FLEEEEING.
  5884 | D:7      | 5884 ||| FLEEEEING.
  5885 | D:7      | 5885 ||| FLEEEEING.
  5886 | D:7      | 5886 ||| STAIRDANCE
  5974 | D:6      | 5974 ||| UPGRADING to +0 pair of gloves.
  5979 | D:6      | 5979 ||| DRINKING 2 lumpy brown potions.
  5980 | D:6      | 5980 ||| DROPPING potion of attraction.
  5983 | D:7      | 5983 ||| STAIRDANCE
  5990 | D:6      | Reached * piety under Okawaru
  5991 | D:6      | Reached skill level 1 in Armour
  6040 | D:7      | 6040 ||| INVOKING Heroism.
  6264 | D:7      | 6264 ||| SWAPPING to +0 orcbow.
  6271 | D:7      | 6271 ||| DROPPING +1 sling.
  6350 | D:8      | 6350 ||| PLANNING OSSUARY
  6421 | D:8      | Noticed a two-headed ogre
  6425 | D:8      | Killed a two-headed ogre
  6426 | D:8      | Reached skill level 11 in Ranged Weapons
  6426 | D:8      | Reached XP level 10. HP: 63/63 MP: 11/11
  6464 | D:8      | 6464 ||| INVOKING Heroism.
  6478 | D:8      | Reached skill level 1 in Invocations
  6478 | D:8      | 6478 ||| INVOKING Heroism.
  6641 | D:8      | Found a glowing silver altar of Zin.
  6652 | D:8      | Found a sand-covered staircase.
  6663 | Ossuary  | Entered an ossuary
  6793 | D:8      | 6793 ||| PLANNING D:1-11
  6801 | D:8      | 6801 ||| INVOKING Heroism.
  6807 | D:8      | 6807 ||| Stepping ~*~*~tactically~*~*~ (cloud).
  6817 | D:8      | 6817 ||| INVOKING Heroism.
  6832 | D:8      | Reached skill level 3 in Invocations
  6850 | D:8      | 6850 ||| FLEEEEING.
  6851 | D:8      | 6851 ||| FLEEEEING.
  6853 | D:8      | 6853 ||| FLEEEEING.
  6854 | D:8      | 6854 ||| FLEEEEING.
  7006 | D:8      | 7006 ||| INVOKING Heroism.
  7161 | D:8      | Reached ** piety under Okawaru
  7247 | D:8      | Reached skill level 12 in Ranged Weapons
  7259 | D:8      | Identified the +0 buckler of the Armoured One {rElec rC+
                  | Dex+3}
  7278 | D:8      | Found a staircase to the Lair.
  7760 | D:8      | 7760 ||| PLANNING LAIR
  7760 | D:8      | 7760 ||| UPGRADING to +0 steam dragon scales.
  7770 | D:8      | 7770 ||| DROPPING +2 robe.
  7771 | D:8      | 7771 ||| UPGRADING to amulet of the acrobat.
  7795 | Lair:1   | Entered Level 1 of the Lair of Beasts
  7803 | Lair:1   | 7803 ||| INVOKING Heroism.
  7809 | Lair:1   | Reached *** piety under Okawaru
  7809 | Lair:1   | Noticed a cane toad
  7810 | Lair:1   | Reached skill level 3 in Armour
  7810 | Lair:1   | Reached XP level 11. HP: 68/68 MP: 11/14
  7869 | Lair:1   | Reached skill level 13 in Ranged Weapons
  7876 | Lair:1   | 7876 ||| INVOKING Heroism.
  7986 | Lair:1   | 7986 ||| INVOKING Heroism.
  8008 | Lair:1   | Reached skill level 9 in Fighting
  8017 | Lair:1   | 8017 ||| INVOKING Heroism.
  8114 | Lair:1   | Found a transporter.
  8275 | Lair:1   | Noticed an oklob plant
  8281 | Lair:1   | 8281 ||| INVOKING Heroism.
  8300 | Lair:1   | Noticed a skyshark
  8323 | Lair:1   | Reached **** piety under Okawaru
  8325 | Lair:1   | 8325 ||| INVOKING Heroism.
  8332 | Lair:1   | HP: 15/71 [yak (7)]
  8338 | Lair:1   | HP: 11/71 [yak (2)]
  8347 | Lair:1   | Slain by a yak

Levels and vault maps discovered:
D:1:      dpeg_arrival_court, layout_loops_corners, grunt_decor_one_mirror,
          minmay_tetromino_o2
D:2:      cheibrodos_helix_gallery, layout_rooms, kennysheep_generic_room_3,
          uniq_sigmund, uniq_crazy_yiuf_cottage, uniq_jessica
D:3:      layout_rooms, minmay_overflow_temple_star_quad, ebering_ghost_sewer_d,
          grunt_decor_fettered, minmay_distorted
D:4:      layout_loops_ring, vehumet_altar_wand_db, serial_shops,
          nicolae_stop_n_shop_1, uniq_duvessa
D:5:      layout_basic, chequers_jeans, uniq_ijyb
D:6:      layout_rooms, nicolae_concentric_dashed_squares_wild, uniq_edmund
D:7:      layout_loops_ring, temple_statues
D:8:      layout_cave_pods, mainiacjoe_overflow_alcove_4,
          hellmonk_lair_entry_icy, enter_ossuary_3, grunt_ministairs_11,
          hangedman_misty_isle
Temple:   nicolae_temple_bog_church
Lair:1:   layout_cave_shapes, nzn_ghost_randoct, nicolae_quartered_pool_impasse,
          serial_bayou_lagoon_b

Skill      XL: |  1  2  3  4  5  6  7  8  9 10 11 |
---------------+----------------------------------+-----
Ranged Weapons | 3 5 6 8 9 11 12 13 | 13.8
Fighting       | 2 4 6 7 8 9 |  9.1
Dodging        | 3 4 5 |  5.0
Armour         | 1 3 |  3.7
Invocations    | 4 |  4.2
Spellcasting   | |  1.0
Hexes          | |  2.6

Action                     |  1- 3 |  4- 6 |  7- 9 | 10-12 || total
---------------------------+-------+-------+-------+-------++-------
   Fire: Sling             |    72 |    86 |   393 |       ||   551
         Orcbow            |       |       |    10 |   348 ||   358
 Invoke: Heroism           |       |       |     1 |    11 ||    12
    Use: Scroll            |     2 |     6 |     4 |       ||    12
         Potion            |       |     2 |     1 |       ||     3
 Armour: Robe              |     6 |       |    45 |    37 ||    88
         Leather armour    |     4 |    15 |     8 |       ||    27
         Steam dragon scal |       |       |       |    22 ||    22
  Dodge: Dodged            |    19 |    22 |   101 |   182 ||   324

Table legend:
 A = Non-vault XP
 B = Vault XP
 C = Vault XP percentage of total XP
 D = Non-vault monster count
 E = Vault monster count
 F = Vault count percentage of total count
                 A         B        C        D         E       F
            +---------+---------+-------+---------+---------+-------
      Total |   11285 |    3206 |  22.1 |     177 |      54 |  23.4
            +---------+---------+-------+---------+---------+-------
        D:1 |      27 |       3 |  10.0 |      15 |       2 |  11.8
        D:2 |      24 |     270 |  91.8 |      13 |       6 |  31.6
        D:3 |     139 |       0 |   0.0 |      13 |       0 |   0.0
        D:4 |     383 |     220 |  36.5 |      30 |       3 |   9.1
        D:5 |     707 |      39 |   5.2 |      20 |       1 |   4.8
        D:6 |    1168 |     166 |  12.4 |      23 |       1 |   4.2
        D:7 |     934 |       0 |   0.0 |      15 |       0 |   0.0
        D:8 |    2082 |    2365 |  53.2 |      20 |      25 |  55.6
     Lair:1 |    5821 |       0 |   0.0 |      28 |       0 |   0.0
    Ossuary |       0 |     143 | 100.0 |       0 |      16 | 100.0
            +---------+---------+-------+---------+---------+-------
